 Dungeon Crawl Stone Soup version 0.31-a0-246-g8cbcc1cb85 (webtiles) character file.

Game seed: 2237884918640641880

359 Newt the Skirmisher (level 6, -8/40 HPs)
             Began as a Kobold Hunter on July 12, 2023.
             Mangled by Duvessa
             ... wielding a +0 short sword
              (9 damage)
             ... on level 4 of the Dungeon.
             The game lasted 00:03:02 (3311 turns).

Newt the Skirmisher (Kobold Hunter)                 Turns: 3311, Time: 00:03:03

Health: -8/40      AC:  4    Str:  5 (8)  XL:     6   Next: 98%
Magic:  6/6        EV: 14    Int:  7 (10) God:
Gold:   228        SH:  0    Dex: 18 (21) Spells: 5/5 levels left

rFire   . . .        a - +0 shortbow
rCold   . . .        (shield currently unavailable)
rNeg    . . .        c - +0 leather armour
rPois   .            n - +0 helmet
rElec   .            (no cloak)
rCorr   .            (no gloves)
SInv    .            (no boots)
Will    .....        (no amulet)
Stlth   +++          (no ring)
HPRegen 0.26/turn    (no ring)
MPRegen 0.10/turn

%: no passive effects
@: no status effects
A: small, no large weapons, nightstalker 3
a: no special abilities


You were on level 4 of the Dungeon.
You visited 1 branch of the dungeon, and saw 4 of its levels.

You collected 228 gold pieces.

Inventory:

Hand Weapons
 a - a +0 shortbow (weapon)
Armour
 c - a +0 leather armour (worn)
 n - a +0 helmet (worn)
Scrolls
 b - a scroll of butterflies
 l - a scroll of revelation
 p - a scroll of identify
Potions
 e - a potion of enlightenment
 f - a potion of attraction
 g - a potion of brilliance
 i - a potion of curing
 m - a potion of might {unknown}


   Skills:
 - Level 5.0 Fighting
 + Level 8.6 Ranged Weapons
 - Level 2.4 Dodging
 - Level 1.3 Stealth


You had 5 spell levels left.
You didn't know any spells.
Your spell library contained the following spells:

 Spells                   Type           Power      Damage    Failure   Level
 Slow                     Hex            0%         N/A       61%         1
 Poisonous Vapours        Pois/Air       0%         N/A       75%         2
 Sublimation of Blood     Necr           0%         N/A       75%         2
 Wereblood                Tmut           0%         N/A       75%         2
 Confusing Touch          Hex            0%         N/A       93%         3
 Mephitic Cloud           Conj/Pois/Air  0%         N/A       93%         3
 Vampiric Draining        Necr           0%         2d6       93%         3
 Freezing Cloud           Conj/Ice/Air   0%         6-21      100%        5
 Summon Hydra             Summ           0%         N/A       100%        7


Dungeon Overview and Level Annotations

Branches:
Dungeon (4/15)
 Temple: D:4-7

Altars:

Shops:
D:1 [

Annotations:
D:4 Duvessa


Innate Abilities, Weirdness & Mutations

You are small and have problems with some larger weapons.
You are completely attuned to the shadows.


Message History

The arrow hits Duvessa but does no damage.
Duvessa is severely wounded.
Duvessa hits you but does no damage.
You shoot an arrow. The arrow closely misses Duvessa.
Duvessa hits you with a +0 short sword. x2
* * * LOW HITPOINT WARNING * * *
You shoot an arrow.
The arrow hits Duvessa but does no damage.
Duvessa is severely wounded.
Duvessa hits you but does no damage.
You shoot an arrow. The arrow closely misses Duvessa.
Duvessa hits you but does no damage. Duvessa barely misses you.
You shoot an arrow. The arrow hits Duvessa.
Duvessa is severely wounded.
Duvessa hits you with a +0 short sword!
* * * LOW HITPOINT WARNING * * *
It was a potion of attraction.
You feel attractive to monsters. Duvessa hits you but does no damage. x2
It was a potion of curing.
You feel better. Duvessa hits you but does no damage.
It was a potion of invisibility.
You fade into invisibility!
Duvessa hits you with a +0 short sword!
* * * LOW HITPOINT WARNING * * *
Duvessa hits you but does no damage.
Unknown command.
It was a potion of cancellation.
Your magical effects are unravelling.
You feel magically purged.
You feel less wooden.
Your +0 helmet unmelds from your body.
Your +0 leather armour unmelds from your body.
You flicker back into view.
Duvessa misses you.
You feel less attractive to monsters.
It was a potion of degeneration.
There was something very wrong with that liquid.
You feel weakened.
You feel dopey.
You feel clumsy. Duvessa hits you with a +0 short sword!
You die...

#... ##.## #..# ...
#######..# #.# ##
.....##..#####.##..$
.....##.....@e...)..
#......##########e.
##...########
.....[......#
............#
.##.#.......#
...#.......#
.####.......#
#.......#


You could see Duvessa (berserk, fast, poisoned).

Vanquished Creatures
  A scorpion (D:4)
  Dowan (D:4)
  A hound (D:4)
  An orc priest (D:2)
  An iguana (D:4)
  An orc wizard (D:2)
  7 gnolls (D:2)
  3 adders
  5 orcs
  An endoplasm (D:3)
  2 giant cockroaches
  5 hobgoblins
  3 quokkas
  4 ball pythons
  5 bats
  4 frilled lizards
  3 goblins
  6 kobolds
  3 rats
57 creatures vanquished.

Notes
Turn   | Place    | Note
-------+----------+-------------------------------------------
     0 | D:1      | Newt the Kobold Hunter began the quest for the Orb.
     0 | D:1      | Reached XP level 1. HP: 12/12 MP: 1/1
   222 | D:1      | Found Hafischax's Armour Shoppe.
   429 | D:1      | Reached XP level 2. HP: 18/18 MP: 2/2
   528 | D:1      | Found a faded altar of an unknown god.
   850 | D:2      | Reached XP level 3. HP: 24/24 MP: 3/3
   855 | D:2      | Reached XP level 4. HP: 29/30 MP: 4/4
  1114 | D:2      | Reached skill level 5 in Fighting
  1324 | D:2      | Reached XP level 5. HP: 15/35 MP: 5/5
  1326 | D:2      | Reached skill level 6 in Ranged Weapons
  2342 | D:3      | Reached skill level 7 in Ranged Weapons
  3027 | D:4      | Reached XP level 6. HP: 40/40 MP: 6/6
  3279 | D:4      | Noticed Dowan
  3281 | D:4      | Noticed Duvessa
  3291 | D:4      | Reached skill level 8 in Ranged Weapons
  3291 | D:4      | Killed Dowan
  3309 | D:4      | HP: 1/60 [Duvessa/+0 short sword (11)]
  3311 | D:4      | Mangled by Duvessa

Illustrated notes

Levels and vault maps discovered:
D:1:      co_arrival_hall_of_pillars, layout_basic,
          shapermc_ecumenical_altar_totnotflames, serial_shops,
          nicolae_shop_real_fake_doors, serial_park_tiny_1
D:2:      layout_loops_corners, minmay_split_cup_small
D:3:      layout_basic
D:4:      layout_loops_cross, uniq_duvessa

Skill      XL: |  1  2  3  4  5  6 |
---------------+-------------------+-----
Fighting       | 3 4 5 |  5.0
Ranged Weapons | 7 8 |  8.6
Dodging        | |  2.4
Stealth        | |  1.3

Action                     |  1- 3 |  4- 6 || total
---------------------------+-------+-------++-------
  Melee: Shortbow          |       |     1 ||     1
   Fire: Shortbow          |    41 |   118 ||   159
    Use: Scroll            |       |    10 ||    10
         Potion            |       |     7 ||     7
 Armour: Leather armour    |     2 |    13 ||    15
         Skin              |       |    12 ||    12
  Dodge: Dodged            |    12 |    38 ||    50

Table legend: (Time is in decaauts)
 A = Elapsed time spent in this place.
 B = Non-inter-level travel time spent in this place.
 C = Inter-level travel time spent in this place.
 D = Time resting spent in this place.
 E = Time spent auto-exploring this place.
 F = Levels seen in this place.
 G = Mean time per level.
                   A        B        C        D        E       F      G
               +--------+--------+--------+--------+--------+-----+--------+
         Total |   3312 |   3146 |    166 |    292 |   2508 |   4 |  828.0 |
       Dungeon |   3312 |   3146 |    166 |    292 |   2508 |   4 |  828.0 |
               +--------+--------+--------+--------+--------+-----+--------+

Top non-repeatable levels by time:
     D:2: 1135 daAuts
     D:1: 770 daAuts
     D:3: 757 daAuts
     D:4: 648 daAuts
